 Dungeon Crawl Stone Soup version 0.30-a0-1161-g0704695555 (webtiles) character file.

Game seed: 18017350926245787372

11 ytrimaz the Trooper (level 2, 22/24 HPs)
             Began as a Demonspawn Fighter on Apr 27, 2023.
             Quit the game on level 1 of the Dungeon.
             The game lasted 00:00:15 (174 turns).

ytrimaz the Trooper (Demonspawn Fighter)             Turns: 174, Time: 00:00:16

Health: 22/24      AC:  6    Str: 16    XL:     2   Next: 17%
Magic:  2/2        EV:  9    Int: 11    God:
Gold:   8          SH:  0    Dex: 12    Spells: 1/1 levels left

rFire   . . .        a - +0 war axe
rCold   . . .        (no shield)
rNeg    . . .        b - +0 scale mail
rPois   .            (no helmet)
rElec   .            (no cloak)
rCorr   .            (no gloves)
SInv    .            (no boots)
Will    .....        (no amulet) Stlth
                     (no ring)
HPRegen 0.24/turn    (no ring)
MPRegen 0.08/turn

%: no passive effects
@: no status effects
A: big brain 1
a: no special abilities


You were on level 1 of the Dungeon.
You visited 1 branch of the dungeon, and saw 1 of its levels.

You collected 8 gold pieces.


Innate Abilities, Weirdness & Mutations

You have an unusually large brain. (Int +2)


   Skills:
 + Level 3.2 Fighting
 + Level 2.1 Axes
 + Level 2.9 Armour
 - Level 2.6 Shields


You had one spell level left.
You didn't know any spells.
Your spell library was empty.

Inventory:

Hand Weapons
 a - a +0 war axe (weapon)
Armour
 b - a +0 scale mail (worn)
 c - a +0 buckler
Scrolls
 f - a scroll of identify {unknown}
Potions
 d - a potion of might
 e - 2 potions of lignification {unknown}

Dungeon Overview and Level Annotations

Branches:
Dungeon (1/15) Zot: 5818

Altars:

#..... #.#### #.#### ###
#...## ##########.#
#...## #.......##.#
#..... #....!..##.#
#...##
#.#.......##.#####...##
#....)@.).'............
...........##'######....
.##........#............
#........#............
#+########............
#........#### #........#
# #........# #
##.####### #


There were no monsters in sight!


Message History

You see here a +0 short sword.
You hit the kobold.
You kill the kobold!
You hit the ball python but do no damage.
The ball python bites you. The ball python closely misses you.
Your Axes skill increases to level 2! 😕 HP[-2]
You take 2 damage, and now have 14/18 hp.
Unknown command.
You hit the ball python but do no damage.
The ball python bites you but does no damage.
The ball python completely misses you. The ball python closely misses you.
The ball python grabs you. The ball python constricts you.
You escape the ball python's grasp.
An endoplasm comes into view.
The hobgoblin hits you but does no damage. 😕 HP[+1]
The endoplasm quivers.
You slash the hobgoblin!
You kill the hobgoblin!
You slash the ball python!
You kill the ball python!
The ball python bites you but does no damage.
The ball python grabs you. The ball python constricts you.
The ball python bites you but does no damage.
The ball python constricts you.
You are too injured to fight recklessly! 😮 HP[-2]
You take 2 damage, and now have 13/18 hp.
You are too injured to fight recklessly!
You are too injured to fight recklessly!
Unknown command.
You escape the ball python's grasp.
You are too injured to fight recklessly!
You hit the endoplasm. You barely miss the ball python.
The ball python closely misses you. The ball python grabs you.
The ball python constricts you.
The endoplasm hits you but does no damage.
The ball python bites you.
The ball python constricts you. 😮 HP[-1]
You take 1 damage, and now have 12/18 hp.
You slash the endoplasm!
You kill the endoplasm!
You hit the ball python. The ball python barely misses you.
The ball python constricts you. The ball python bites you.
The ball python constricts you.
You have reached level 2!
Your demonic ancestry asserts itself...
Your brain expands. 😮 HP[+3] MP[+1]
You now have 24 max hp (+6).
You regained 3 hp, and now have 15/24 hp.
Your mp is fully restored (2).
You slash the ball python!
You kill the ball python!
Key pressed, stopping explore.
Unknown command. 😮 HP[+1]
Things that are here:
a +2 short sword of freezing; 4 stones; 😎 HP[+8]
Your hp is fully restored (24).
You now have 8 gold pieces.
f - a scroll labelled UCSAFF POMNAU Key pressed, stopping explore.
As you open the door, it creaks loudly!
There is an open door here.
There is an open door here.
As you open the door, it creaks loudly!
A kobold comes into view. It is wielding a +0 club.
The kobold shouts!
A kobold is nearby!
There is an open door here.
You completely miss the kobold.
The kobold hits you with a +0 club. 😕 HP[-2]
You take 2 damage, and now have 22/24 hp.
You closely miss the kobold. The kobold hits you with a +0 club.
A goblin comes into view. It is wielding a +0 dagger.
The kobold hits you with a +0 club. 😕 HP[-2]
You take 2 damage, and now have 20/24 hp.
You hit the kobold.
You kill the kobold!
Unknown command.
Things that are here:
a +0 club; a kobold corpse; 😕 HP[+1]
The goblin barely misses you.
You closely miss the goblin. The goblin hits you but does no damage.
A goblin is nearby!
Unknown command.
A goblin is nearby!
A goblin is nearby!
You closely miss the goblin. The goblin completely misses you.
The goblin hits you but does no damage. 😕 HP[+1]
You hit the goblin.
You kill the goblin!
Are you sure you want to abandon this character and quit the game? (Confirm with "yes".)

Skill      XL: |  1 |
---------------+----+-----
Axes           | 2 |  2.1
Fighting       | |  3.2
Armour         | |  2.9
Shields        | |  2.6

Action                     || total
---------------------------++-------
  Melee: War axe           ||    19
 Armour: Scale mail        ||    13
  Dodge: Dodged            ||    20

Levels and vault maps discovered:
D:1:      saegor_arrival_simple_e, layout_basic, serial_shops, shop_fountains

Notes
Turn   | Place    | Note
-------+----------+-------------------------------------------
     0 | D:1      | ytrimaz the Demonspawn Fighter began the quest for the Orb.
     0 | D:1      | Reached XP level 1. HP: 18/18 MP: 1/1
     0 | D:1      | magus.rc [v1.9.6]
    73 | D:1      | Reached skill level 2 in Axes
    80 | D:1      | Gained mutation: You have an unusually large brain. (Int
                  | +2) [demonic ancestry]
    80 | D:1      | Reached XP level 2. HP: 15/24 MP: 2/2
   174 | D:1      | Quit the game

Vanquished Creatures
  A dart slug (D:1)
  An endoplasm (D:1)
  A goblin (D:1)
  2 hobgoblins (D:1)
  2 ball pythons (D:1)
  3 kobolds (D:1)
10 creatures vanquished.

Table legend:
 A = Non-vault XP
 B = Vault XP
 C = Vault XP percentage of total XP
 D = Non-vault monster count
 E = Vault monster count
 F = Vault count percentage of total count
                 A         B        C        D         E       F
            +---------+---------+-------+---------+---------+-------
      Total |      17 |       0 |   0.0 |      10 |       0 |   0.0
            +---------+---------+-------+---------+---------+-------
        D:1 |      17 |       0 |   0.0 |      10 |       0 |   0.0
            +---------+---------+-------+---------+---------+-------

Skill      XL: |  1 |
---------------+----+-----
Axes           | 2 |  2.1
Fighting       | |  3.2
Armour         | |  2.9
Shields        | |  2.6

Action                     || total
---------------------------++-------
  Melee: War axe           ||    19
 Armour: Scale mail        ||    13
  Dodge: Dodged            ||    20

Illustrated notes

Table legend:
 A = Kills in this place as a percentage of kills in the entire game.
 B = Kills by you in this place as a percentage of kills by you in the entire game.
 C = Kills by friends in this place as a percentage of kills by friends in the entire game.
 D = Other kills in this place as a percentage of other kills in the entire game.
 E = Experience gained in this place as a percentage of experience gained in the entire game.
 F = Experience gained in this place divided by the number of levels of this place that you have seen.
                   A       B       C       D       E      F
               +-------+-------+-------+-------+-------+----------------------
         Total | 100.0 | 100.0 |   N/A |   N/A | 100.0 |  17.0
       Dungeon | 100.0 | 100.0 |   N/A |   N/A | 100.0 |  17.0
               +-------+-------+-------+-------+-------+----------------------

Table legend: (Time is in decaauts)
 A = Elapsed time spent in this place.
 B = Non-inter-level travel time spent in this place.
 C = Inter-level travel time spent in this place.
 D = Time resting spent in this place.
 E = Time spent auto-exploring this place.
 F = Levels seen in this place.
 G = Mean time per level.
                   A        B        C        D        E       F      G
               +--------+--------+--------+--------+--------+-----+--------+
         Total |    181 |    181 |      0 |      0 |    128 |   1 |  181.0 |
       Dungeon |    181 |    181 |      0 |      0 |    128 |   1 |  181.0 |
               +--------+--------+--------+--------+--------+-----+--------+

Top non-repeatable levels by time:
     D:1: 181 daAuts
